 Dungeon Crawl Stone Soup version 0.26-a0-651-gb41185065b (webtiles) character file.

Game seed: 15870852406628852531

386094 Flugslaktarn the Severer (level 21, -4/173 HPs)
             Began as a Deep Dwarf Fighter on Oct 21, 2020.
             Was the Champion of Makhleb.
             Slain by a blizzard demon (9 damage)
             ... summoned by Zudiatics
             ... on level 4 of the Realm of Zot.
             The game lasted 00:24:12 (23164 turns).

Flugslaktarn the Severer (Deep Dwarf Fighter)      Turns: 23164, Time: 00:24:12

Health: -4/173     AC: 42    Str: 18      XL:     21   Next: 65%
Magic:  0/10 (0)   EV: 22    Int: 15      God:    Makhleb [******]
Gold:   2934       SH:  8    Dex: 23 (24) Spells: 20/20 levels left

rFire    + + .     SeeInvis .   b - +9 battleaxe (drain)
rCold    . . .     Faith    .   (shield currently unavailable)
rNeg     + . .     Spirit   +   j - +10 plate armour "Amny" {*Corrode MR+++ Int+4 Dex+4}
rPois    .         Reflect  .   N - +3 hat of Pondering {ponderous, MR+ MP+10 Int+5}
rElec    .         Harm     .   m - +2 cloak {rCorr}
rCorr    +         Rampage  .   k - +2 pair of gloves
MR       +++++     Rnd*Tele +   i - +2 pair of boots
Stlth    ..........             S - brooch of Shielding {Spirit SH+8}
HPRegen  0.00/turn              v - +4 ring of evasion
MPRegen  0.12/turn              e - ring of Kusueve {rF+ AC+4 Dex+5}

@: mighty, non-regenerating, lightly drained, slow
A: damage resistance, heal wounds, beak, blurry vision 1, clumsy 2, deformed
body, deterioration 1, dopey 2, fire resistance 1, frail 2, low mp 3, negative
energy resistance 1, sense surroundings 3, screaming 1, teleportitis 2, weak 2,
no potion heal 1, subdued magic 1, no regeneration
0: Orb of Zot
}: 3/15 runes: serpentine, barnacled, abyssal
a: Heal Wounds, Minor Destruction, Lesser Servant of Makhleb, Major Destruction,
Greater Servant of Makhleb, Renounce Religion


You were on level 4 of the Realm of Zot.
You worshipped Makhleb.
Makhleb was exalted by your worship.
You visited 8 branches of the dungeon, and saw 40 of its levels.
You visited the Abyss 3 times.

You collected 3512 gold pieces.
You spent 578 gold pieces at shops.

Inventory:

Hand Weapons
 a - a +1 dagger of distortion
   (You took it off Sonja on level 2 of the Lair of Beasts)
 b - a +9 battleaxe of draining (weapon)
   (You bought it in a shop on level 13 of the Dungeon)
Missiles
 O - 11 throwing nets (quivered)
Armour
 h - a +0 plate armour
   (You took it off an orc warrior on level 4 of the Dungeon)
 i - a +2 pair of boots (worn)
   (You found it on level 7 of the Dungeon)
 j - the +10 plate armour "Amny" (worn) {*Corrode MR+++ Int+4 Dex+4}
   (You found it on level 1 of the Depths)

   It affects your intelligence (+4).
   It affects your dexterity (+4).
   It affects your resistance to hostile enchantments.
   It may corrode you when you take damage.
 k - a +2 pair of gloves (worn)
   (You found it on level 1 of the Depths)
 m - a +2 cloak of preservation (worn)
   (You found it on level 11 of the Dungeon)
 G - a +0 helmet
   (You found it on level 11 of the Dungeon)
 K - a +4 plate armour
   (You took it off an orc warrior on level 2 of the Orcish Mines)
 N - the +3 hat of Pondering (worn) {ponderous, MR+ MP+10 Int+5}
   (You took it off Gastronok on level 3 of the Lair of Beasts)

   It affects your intelligence (+5).
   It affects your resistance to hostile enchantments.
   It affects your magic capacity (+10).
 R - a +0 kite shield
Jewellery
 c - an uncursed ring of protection from cold
   (You found it on level 4 of the Shoals)
 e - the ring of Kusueve (right hand) {rF+ AC+4 Dex+5}
   (You acquired it on level 13 of the Dungeon)

   [ring of protection]

   It affects your AC (+4).
   It affects your dexterity (+5).
   It protects you from fire.
 v - a +4 ring of evasion (left hand)
   (You found it on level 3 of the Snake Pit)
 B - an uncursed amulet of the acrobat
   (You found it on level 9 of the Dungeon)
 S - the brooch of Shielding (around neck) {Spirit SH+8}
   (You found it on level 4 of the Shoals)

   [amulet of guardian spirit]

   It causes incoming damage to be split between your health and magic.
   It affects your SH (+8).
Wands
 g - a wand of digging (13)
   (You found it on level 3 of the Shoals)
 y - a wand of enslavement (18)
   (You found it on level 8 of the Dungeon)
 C - a wand of iceblast (6)
   (You found it on level 9 of the Dungeon)
 D - a wand of paralysis (19)
   (You found it on level 13 of the Dungeon)
 P - a wand of acid (17)
   (You found it on level 1 of the Shoals)
Scrolls
 p - 5 scrolls of immolation
 r - 3 scrolls of identify
 s - 5 scrolls of fog
 t - 3 scrolls of teleportation
 u - a scroll of summoning
 x - 8 scrolls of remove curse
 A - 6 scrolls of fear
 J - a scroll of holy word
 L - 3 scrolls of enchant armour
 M - 3 scrolls of vulnerability
Potions
 d - a potion of might
 f - 3 potions of flight
 o - 7 potions of ambrosia
 q - a potion of curing
 w - 3 potions of heal wounds
 I - 9 potions of lignification
Miscellaneous
 F - a condenser vane (2/2)
   (You found it on level 2 of the Lair of Beasts)


   Skills:
 + Level 19.5(19.0) Fighting
 - Level 20.0(19.5) Axes
 + Level 19.1(18.7) Armour
 + Level 18.3(17.9) Dodging
 - Level 6.2(5.8) Shields
 - Level 15.0(14.5) Invocations
 - Level 10.0(9.6) Evocations


You had 20 spell levels left.
You didn't know any spells.
Your spell library was empty.

Dungeon Overview and Level Annotations

Branches:
Dungeon (15/15)            Temple (1/1) D:6            Lair (4/6) D:10
 Shoals (4/4) Lair:4        Snake (4/4) Lair:2          Orc (2/2) D:10
    Elf (0/3) Orc:2        Vaults (0/5) D:14         Depths (5/5) D:15
    Zot (5/5) Depths:5

Altars:
Cheibriados
Fedhas
Gozag
Hepliaklqana
Kikubaaqudgha
Makhleb
Nemelex Xobeh
Okawaru
Qazlal
Sif Muna
Trog
Uskayaw
Vehumet
Wu Jian
Xom
Yredelemnul
Zin
The Shining One
Beogh

Shops:
D:10 *   D:13 (   D:14 (   Orc:1 ?   Orc:2 [:*(   Snake:3 ?=   Depths:1 =

Portals:
Hell: Depths:1
Ziggurat: Depths:2
Trove: D:12 (give 12 potions of heal wounds)

Annotations:
D:11 4 runed translucent doors
D:12 2 transporters, loralnil's ghost, journeyman GnTm
D:13 1 runed translucent door, Waut's ghost, journeyman TeGl
Lair:2 2 transporters
Snake:1 3 runed translucent doors
Zot:5 1 runed translucent door, p0werm0de's ghost, adept MiFi


Innate Abilities, Weirdness & Mutations

You are resistant to damage.
You can heal yourself by infusing magical energy.
You resist negative energy. (rN+)
You passively map a large area around you.
You do not regenerate.
You have a beak for a mouth.
Scrolls take you a little longer to read.
You are very clumsy. (Dex -4)
Armour fits poorly on your strangely shaped body.
Your body sometimes deteriorates upon taking damage.
You are very dopey. (Int -4)
Your flesh is heat resistant. (rF+)
You are very frail. (-20% HP)
Your magical capacity is extremely low. (-30% MP)
You occasionally shout uncontrollably at your foes.
You are sometimes teleported next to monsters.
You are very weak. (Str -4)
Potions are less effective at restoring your health.
Your spells are a little easier to cast, but a little less powerful.


Message History

You partially resist.
You feel drained.
* * * LOW HITPOINT WARNING * * *
The blizzard demon waves its arms in wide circles.
The air twists around and strikes you.
You chop Zudiatics into pieces!!!
Zudiatics is almost dead.
You hit the blizzard demon. You closely miss the storm dragon.
You slash the golden dragon! You drain the golden dragon.
You slash the Hell Sentinel! The storm dragon misses you.
The storm dragon claws you but does no damage.
You block the storm dragon's attack.
The shadow demon gestures.
Zudiatics hits you but does no damage.
The golden dragon bites you but does no damage.
You block the golden dragon's attack. The golden dragon tramples you.
You hold your ground!
The Hell Sentinel hits you but does no damage.
The Hell Sentinel completely misses you.
The blizzard demon misses you. The blizzard demon hits you!
You die...

###### ***** #....# *,,,*
##....##***,,,****
#.....',>,+,,,+,,*
#.....#****,,,**,* *******#.....#
*,,,**,* *******,,,,,,#..2D.#
*,,,**,* ,,,,,,*,***#.#.D1&.#
**,,,,,* * ,,,,,,+,,⌠,#..44@22#
*,***** * ,,,,,^**,**####..D.#
*,* *
,,,,,,,*,,,,,,######*****,*******
,,,,,,,,,,,,,,* *,,,,*,,,,,,,,
,,,,,,,,,***,,* *,**,*,,,,,,,,
,,,,,,*,*,,,,,* *,,,,*,,,,,,,,
,,,,,,+,**,*,*******,,*,*,,,,,,,,
,,,,,,****,*,*,,,,,,,,***,,,,,,,,
,,,,,>,,,,,,,,,,,,,,,,,,,,,,,,,,,


You could see Zudiatics, a Hell Sentinel, a shadow dragon (summoned, catching
breath), a golden dragon (summoned, drained), a storm dragon (summoned), a hell
beast (summoned), a blizzard demon (summoned), a shadow demon (summoned) and 2
ice devils.

Vanquished Creatures
  3 orbs of fire (Zot:5)
  3 ancient liches (Zot:5)
  Saint Roka (Orc:2)
  Margery (Depths:5)
  Nikola (Depths:1)
  2 golden dragons
  A bone dragon (Depths:5)
  3 tentacled monstrosities
  A Hell Sentinel (Abyss:5)
  14 Orb Guardians
  2 liches
  A titan (Depths:5)
  4 tentacled starspawn
  A sphinx (Depths:1)
  A tengu reaver (Depths:2)
  2 shadow dragons
  3 storm dragons
  A draconian monk (Zot:5)
  3 fire giants
  Donald (Shoals:4)
  2 revenants (Depths:2)
  2 draconian knights
  A nagaraja (Snake:4)
  A daeva (Abyss:3)
  Aizul (Shoals:1)
  A balrug (Abyss:5)
  An orc warlord (Orc:2)
  3 ghost moths (Zot:5)
  A juggernaut zombie (Depths:2)
  A draconian scorcher (Zot:5)
  Louise (Snake:3)
  A deep elf elementalist (Abyss:4)
  A draconian annihilator (Zot:1)
  A draconian shifter (Zot:5)
  An angel (Abyss:4)
  2 caustic shrike skeletons (Depths:2)
  A reaper (Abyss:4)
  4 spriggan defenders (Depths:5)
  9 stone giants
  2 black draconians (Zot:5)
  2 vampire knights (Depths:2)
  Azrael (Snake:3)
  10 very ugly things
  5 white draconians
  2 green draconians (Zot:4)
  Nessos (D:15)
  2 purple draconians
  2 red draconians
  A spark wasp (Depths:5)
  3 yellow draconians
  7 merfolk impalers
  6 merfolk javelineers
  4 jiangshi (Depths:2)
  5 ettins
  A deep elf high priest (Depths:5)
  5 great orbs of eyes
  4 fire dragons
  A vault guard (D:14)
  A rakshasa (Abyss:5)
  5 hydras
  4 ice dragons
  7 naga warriors
  3 merfolk aquamancers (Shoals:4)
  A centaur warrior (D:14)
  A merfolk avatar (Shoals:4)
  5 spriggan air magi
  An anaconda (shapeshifter) (Depths:2)
  12 anacondas
  2 deep troll shamans (Depths:5)
  A death knight (Abyss:5)
  2 ogre magi
  A queen ant (Lair:2)
  4 hell hogs (Abyss:5)
  12 two-headed ogres
  5 orc high priests (Orc:2)
  A vampire mage (Depths:5)
  2 deep troll earth magi (Depths:5)
  14 naga sharpshooters
  2 tengu warriors
  17 thrashing horrors
  6 shock serpents
  3 spriggan berserkers (Depths:5)
  4 spriggans
  Sonja (Lair:2)
  4 sun demons (Abyss:5)
  8 wretched stars
  2 shadow wraiths
  3 deep trolls
  2 hell knights (Depths:5)
  A sea snake (shapeshifter) (Depths:5)
  A fire crab (shapeshifter) (Abyss:5)
  8 sea snakes
  5 salamander mystics
  3 spatial maelstroms
  2 skeletal warriors (D:13)
  2 death drakes
  7 flayed ghosts
  2 swamp dragons (Zot:4)
  3 necromancers (Depths:5)
  A glowing orange brain (Abyss:4)
  2 lindwurms (Snake:4)
  5 orc knights
  A naga ritualist (Snake:4)
  2 deep elf magi
  A harpy (shapeshifter) (Abyss:3)
  3 harpies (Shoals:1)
  A wolf spider zombie (D:14)
  22 ugly things
  3 salamanders
  7 orc sorcerers
  2 mana vipers
  9 fauns
  4 cyclopes
  6 manticores
  A fire giant zombie (Abyss:4)
  A shadow dragon skeleton (Depths:2)
  5 moths of wrath
  4 worldbinders
  7 merfolk sirens
  4 guardian serpents
  25 black mambas
  A black mamba (shapeshifter) (Depths:1)
  A stone giant skeleton (Depths:2)
  3 apocalypse crabs
  A molten gargoyle (Lair:3)
  11 naga magi
  7 smoke demons
  2 gargoyles
  5 cane toads
  22 large abominations
  4 water nymphs
  A hellion (Abyss:3)
  A rime drake (Lair:3)
  3 efreet (Abyss:5)
  2 hellwings
  5 komodo dragons
  A freezing wraith (Abyss:3)
  2 kobold demonologists (D:14)
  5 spriggan zombies (Depths:2)
  A tengu conjurer (D:15)
  28 merfolk
  A polar bear (Lair:4)
  A queen bee (D:14)
  2 wind drakes
  4 ancient zymes
  2 red devils (Abyss:5)
  A silent spectre (Abyss:4)
  2 ice devils
  5 trolls
  6 meliai (D:14)
  5 hornets
  A meliai zombie (D:15)
  10 snapping turtles
  17 blink frogs
  26 raiju
  A slime creature (Abyss:4)
  6 dream sheep
  7 hippogriffs
  A centaur simulacrum (D:15)
  A vampire (D:13)
  4 flying skulls (Depths:2)
  A spriggan (shapeshifter) (D:14)
  2 spriggan skeletons (Depths:2)
  2 wraiths
  3 fire elementals
  A wyvern (Lair:3)
  6 water elementals
  A yak (shapeshifter) (Abyss:5)
  A basilisk (D:13)
  6 ynoxinuls
  An ettin skeleton (Depths:2)
  3 chaos spawn
  28 yaks
  8 vampire mosquitoes
  7 neqoxecs
  Menkaure (D:4)
  7 wargs
  24 nagas
  3 insubstantial wisps (Abyss:5)
  2 tengu zombies (Depths:2)
  4 hell hounds (Snake:3)
  10 spatial vortices
  9 soldier ants (Lair:2)
  29 water moccasins
  3 floating eyes
  12 porcupines
  2 black bears
  60 orc warriors
  A sky beast (D:11)
  An eye of draining (D:9)
  3 phantoms
  24 ogres
  37 starcursed masses
  A hornet zombie (D:13)
  2 necrophages
  4 boggarts (D:15)
  A wolf (Lair:1)
  A crocodile (shapeshifter) (D:14)
  14 centaurs
  3 big kobolds
  7 crocodiles
  16 bullfrogs
  2 gnoll sergeants
  A wyvern zombie (D:9)
  2 scorpions
  A water moccasin skeleton (D:7)
  28 killer bees
  16 wights
  8 howler monkeys
  2 centaur zombies
  A lava snake (Lair:3)
  6 small abominations
  A quasit (D:10)
  4 jellies
  34 orc priests
  4 hounds
  3 bullfrog skeletons
  24 orc wizards
  2 iron imps (Abyss:3)
  3 centaur skeletons
  An iguana (D:10)
  40 worker ants
  2 hound zombies
  2 hound skeletons
  3 worker ant zombies
  A howler monkey skeleton (D:6)
  23 adders
  4 gnolls (D:9)
  2 shadow imps
  3 white imps
  2 ufetubi
  An ooze (D:2)
  An adder zombie (D:7)
  An adder skeleton (D:9)
  2 worms
  11 leopard geckos
  125 orcs
  3 giant cockroaches
  17 jackals
  17 kobolds
  5 quokkas
  A ball python (D:4)
  5 frilled lizards
  A goblin (D:1)
  3 leopard gecko skeletons
  A leopard gecko zombie (D:7)
  2 rats
  A bush (D:11)
  A butterfly (Lair:3)
  A lurking horror (Abyss:5)
  3 starspawn tentacles
1421 creatures vanquished.

Vanquished Creatures (collateral kills)
  An orb of fire (Zot:5)
  Vashnia (Snake:2)
  Gastronok (Lair:3)
  4 nagarajas (Snake:4)
  A merfolk impaler (Shoals:4)
  A naga warrior (Snake:4)
  3 hydras
  3 anacondas (Snake:4)
  2 merfolk avatars
  A death knight (D:12)
  3 naga sharpshooters
  A skeletal warrior (D:13)
  A salamander mystic (Snake:4)
  2 lindwurms (Snake:4)
  4 mana vipers (Snake:4)
  A salamander (Snake:2)
  A manticore (Shoals:2)
  2 black mambas (Snake:4)
  A merfolk siren (Shoals:4)
  7 naga magi
  3 guardian serpents (Snake:4)
  A water nymph (Shoals:4)
  An efreet (D:13)
  A merfolk (Shoals:4)
  2 snapping turtles (Shoals:4)
  A blink frog (Lair:2)
  A hippogriff (Shoals:4)
  A water elemental (Shoals:2)
  2 nagas
  A crocodile (D:13)
  3 howler monkeys (D:12)
  A centaur zombie (D:12)
  A worker ant (D:12)
  3 orcs (D:13)
  A plant (Shoals:4)
64 creatures vanquished.

Vanquished Creatures (others)
  An ice dragon (Abyss:5)
  2 deep troll earth magi (Depths:1)
  An ogre mage (Abyss:5)
  2 deep trolls (Depths:1)
  A fire bat (Abyss:5)
  A chaos spawn (Abyss:5)
  An orc warrior (Orc:2)
  A phantom (D:14)
  20 fungi
  2 lurking horrors (Abyss:4)
  73 plants
  14 starspawn tentacles
119 creatures vanquished.

Grand Total: 1604 creatures vanquished

Notes
Turn   | Place    | Note
-------+----------+-------------------------------------------
     0 | D:1      | Flugslaktarn the Deep Dwarf Fighter began the quest for the
                  | Orb.
     0 | D:1      | Reached XP level 1. HP: 20/20 MP: 1/1
   104 | D:2      | Reached XP level 2. HP: 25/27 MP: 2/2
   173 | D:4      | Reached XP level 3. HP: 32/34 MP: 3/3
   175 | D:4      | Noticed a black bear
   182 | D:4      | Reached skill level 3 in Axes
   193 | D:4      | Killed a black bear
   193 | D:4      | Reached XP level 4. HP: 22/44 MP: 4/4
   193 | D:4      | Reached XP level 5. HP: 25/50 MP: 5/5
   229 | D:4      | Noticed a necrophage
   240 | D:4      | Killed a necrophage
   240 | D:4      | Reached skill level 4 in Axes
   401 | D:4      | Reached XP level 6. HP: 51/57 MP: 6/6
   410 | D:4      | Found an iron altar of Okawaru.
   490 | D:4      | Noticed an orc warrior
   503 | D:4      | HP: 1/57 [orc warrior/+0 hand axe (8)]
   505 | D:4      | Killed an orc warrior
   586 | D:4      | Noticed Menkaure
   592 | D:4      | Killed Menkaure
   592 | D:4      | Reached skill level 5 in Axes
   592 | D:4      | Reached XP level 7. HP: 46/66 MP: 7/7
   770 | D:4      | Found a shimmering altar of Xom.
   772 | D:4      | Found a snail-covered altar of Cheibriados.
   773 | D:4      | Found an ancient bone altar of Kikubaaqudgha.
   773 | D:4      | Found a hide-covered altar of Uskayaw.
   774 | D:4      | Found a glowing silver altar of Zin.
   774 | D:4      | Found a bloodstained altar of Trog.
   775 | D:4      | Found an opulent altar of Gozag.
   895 | D:5      | Entered Level 5 of the Dungeon
   908 | D:5      | Reached skill level 5 in Fighting
   947 | D:5      | Reached skill level 5 in Armour
   947 | D:5      | Reached skill level 5 in Shields
  1023 | D:5      | Reached skill level 6 in Axes
  1650 | D:6      | Found a stormy altar of Qazlal.
  1702 | D:6      | Reached XP level 8. HP: 53/75 MP: 8/8
  1772 | D:6      | Reached skill level 7 in Axes
  1867 | D:6      | Found a staircase to the Ecumenical Temple.
  1916 | D:6      | Noticed a troll
  1962 | D:6      | Killed a troll
  2010 | D:6      | Noticed a komodo dragon
  2036 | D:6      | Killed a komodo dragon
  2036 | D:6      | Gained mutation: You passively map the area around you.
                  | [Deep Dwarf growth]
  2036 | D:6      | Reached XP level 9. HP: 36/85 MP: 6/6
  2051 | Temple   | Entered the Ecumenical Temple
  2111 | Temple   | Became a worshipper of Makhleb the Destroyer
  2258 | D:6      | Reached skill level 8 in Axes
  2341 | D:6      | Reached skill level 1 in Invocations
  2557 | D:7      | Reached skill level 1 in Dodging
  2647 | D:7      | Found an ornate altar of the Wu Jian Council.
  2829 | D:7      | Found a basalt altar of Yredelemnul.
  3090 | D:7      | Reached * piety under Makhleb
  3555 | D:8      | Reached skill level 9 in Axes
  3636 | D:8      | Noticed a two-headed ogre
  3650 | D:8      | Killed a two-headed ogre
  3650 | D:8      | Reached XP level 10. HP: 51/96 MP: 8/10
  3691 | D:8      | Found a hide-covered altar of Uskayaw.
  3704 | D:8      | Reached ** piety under Makhleb
  3775 | D:8      | Noticed a two-headed ogre
  3794 | D:8      | Killed a two-headed ogre
  4096 | D:9      | Noticed a two-headed ogre
  4114 | D:9      | Killed a two-headed ogre
  4114 | D:9      | Reached skill level 10 in Axes
  4114 | D:9      | Reached skill level 5 in Invocations
  4272 | D:9      | Reached *** piety under Makhleb
  4611 | D:9      | Found a basalt altar of Yredelemnul.
  4913 | D:10     | Entered Level 10 of the Dungeon
  4967 | D:10     | Found a staircase to the Orcish Mines.
  5033 | D:10     | Reached skill level 1 in Evocations
  5053 | D:10     | Reached XP level 11. HP: 41/106 MP: 10/10
  5159 | D:10     | Reached skill level 5 in Dodging
  5192 | D:10     | Reached **** piety under Makhleb
  5218 | D:10     | Found Vad Naeb's Island Escapes.
  5413 | D:10     | Found a staircase to the Lair.
  5465 | D:10     | Identified the Reference Book on Enchantment and the
                  | Frostbite
  5837 | D:11     | Noticed a green ugly thing
  5838 | D:11     | Noticed a two-headed ogre
  5862 | D:11     | Killed a green ugly thing
  5872 | D:11     | Killed a two-headed ogre
  5872 | D:11     | Reached skill level 11 in Axes
  5923 | D:11     | Found a blossoming altar of Fedhas.
  5976 | D:11     | Noticed a two-headed ogre
  5987 | D:11     | Killed a two-headed ogre
  6106 | D:11     | Found a huge runed translucent gate.
  6111 | D:11     | Found a huge runed translucent gate.
  6112 | D:11     | Found a huge runed translucent gate.
  6113 | D:11     | Found a huge runed translucent gate.
  6560 | D:12     | Found a roughly hewn altar of Beogh.
  6574 | D:12     | Reached ***** piety under Makhleb
  6722 | D:12     | Reached skill level 10 in Fighting
  6748 | D:12     | Noticed a centaur warrior
  6748 | D:12     | Noticed a two-headed ogre
  6749 | D:12     | Noticed loralnil's ghost (journeyman GnTm)
  6749 | D:12     | Noticed a crystal guardian
  6750 | D:12     | Noticed a tengu warrior
  6941 | D:12     | Reached XP level 12. HP: 116/116 MP: 11/11
  6965 | D:12     | Found a transporter.
  6965 | D:12     | Found a transporter.
  7054 | D:12     | Noticed a death knight
  7075 | D:12     | Killed a death knight
  7176 | D:12     | Found a portal to a secret trove of treasure.
  7364 | D:13     | Reached skill level 5 in Evocations
  7381 | D:13     | Reached skill level 12 in Axes
  7499 | D:13     | Found Ugruimm's Antique Weapon Shoppe.
  7536 | D:13     | Noticed a two-headed ogre
  7537 | D:13     | Noticed a two-headed ogre
  7537 | D:13     | Noticed an ogre mage
  7538 | D:13     | Noticed a two-headed ogre
  7557 | D:13     | Killed a two-headed ogre
  7574 | D:13     | Killed an ogre mage
  7580 | D:13     | Killed a two-headed ogre
  7595 | D:13     | Killed a two-headed ogre
  7687 | D:13     | Found a runed translucent door.
  7701 | D:13     | Identified the cursed +0 trident "Demon's Undoing" {venom,
                  | Int-5 Dex+9}
  7701 | D:13     | Noticed Waut's ghost (journeyman TeGl)
  7936 | D:13     | Bought a runed battleaxe for 266 gold pieces
  7948 | D:13     | Identified a scroll of acquirement
  7948 | D:13     | Acquired the ring of Kusueve {rF+ AC+4 Dex+5}
  8105 | D:14     | Noticed a centaur warrior
  8117 | D:14     | Killed a centaur warrior
  8150 | D:14     | Noticed a five-headed hydra
  8165 | D:14     | Killed a nine-headed hydra
  8360 | D:14     | Reached XP level 13. HP: 52/127 MP: 9/9
  8404 | D:14     | Reached skill level 13 in Axes
  8429 | D:14     | Reached ****** piety under Makhleb
  8452 | D:14     | Found Wurexiwe's Weapon Shoppe.
  8488 | D:14     | Reached skill level 10 in Armour
  8743 | D:14     | Found a gate to the Vaults.
  8815 | D:15     | Entered Level 15 of the Dungeon
  8879 | D:15     | Noticed Nessos
  8893 | D:15     | Killed Nessos
  9051 | D:15     | Reached skill level 10 in Invocations
  9177 | D:15     | Noticed a fire dragon
  9201 | D:15     | Killed a fire dragon
  9323 | D:15     | Found a staircase to the Depths.
  9521 | Lair:1   | Entered Level 1 of the Lair of Beasts
  9827 | Lair:1   | Gained mutation: You resist negative energy. (rN+) [Deep
                  | Dwarf growth]
  9827 | Lair:1   | Reached XP level 14. HP: 126/138 MP: 9/9
  9931 | Lair:2   | Reached skill level 14 in Axes
 10200 | Lair:2   | Found a transporter.
 10239 | Lair:2   | Found a staircase to the Snake Pit.
 10277 | Lair:2   | Noticed Sonja
 10314 | Lair:2   | Killed Sonja
 10412 | Lair:2   | Found a transporter.
 10971 | Lair:3   | Noticed Gastronok
 10980 | Lair:3   | Killed Gastronok
 11654 | Lair:4   | Paralysed by a hornet for 3 turns
 11836 | Lair:4   | Found a staircase to the Shoals.
 12650 | Shoals:1 | Entered Level 1 of the Shoals
 12869 | Shoals:1 | Acquired 786 gold pieces
 13007 | Shoals:2 | Reached skill level 15 in Axes
 13007 | Shoals:2 | Reached XP level 15. HP: 86/147 MP: 11/11
 13128 | Shoals:2 | Reached skill level 10 in Evocations
 13142 | Shoals:2 | Acquired a manual of Axes
 13284 | Shoals:4 | Entered Level 4 of the Shoals
 13400 | Shoals:4 | Reached skill level 10 in Dodging
 13529 | Shoals:4 | Noticed Donald
 13548 | Shoals:4 | Killed Donald
 13591 | Shoals:4 | Reached skill level 16 in Axes
 13596 | Shoals:4 | Found the brooch of Shielding {Spirit SH+8}
 13973 | Shoals:4 | Got a barnacled rune of Zot
 14144 | Shoals:1 | Noticed Aizul
 14174 | Shoals:1 | Killed Aizul
 14185 | Lair:4   | Identified the Incunabulum of Translocation and the
                  | Mountains
 14278 | Orc:1    | Entered Level 1 of the Orcish Mines
 14344 | Orc:1    | Reached skill level 17 in Axes
 14369 | Orc:1    | Found Waottaut's Magic Scroll Shoppe.
 14425 | Orc:1    | Bought a scroll of enchant weapon for 82 gold pieces
 14425 | Orc:1    | Bought a scroll of magic mapping for 38 gold pieces
 14556 | Orc:1    | Found a roughly hewn altar of Beogh.
 14833 | Orc:2    | Entered Level 2 of the Orcish Mines
 14839 | Orc:2    | Reached XP level 16. HP: 130/159 MP: 0/11
 14920 | Orc:2    | Noticed Saint Roka
 14943 | Orc:2    | Killed Saint Roka
 15142 | Orc:2    | Found a roughly hewn altar of Beogh.
 15246 | Orc:2    | Found Doclenty's Armour Boutique.
 15262 | Orc:2    | Found Juit Ubb's Book Shop.
 15571 | Orc:2    | Found a roughly hewn altar of Beogh.
 15629 | Orc:2    | Found Xiorethi's Antique Weapon Shop.
 15688 | Orc:2    | Found Sirall's Assorted Antiques.
 15929 | Orc:2    | Found a staircase to the Elven Halls.
 16002 | Orc:2    | Reached skill level 18 in Axes
 16279 | Orc:2    | Bought a scroll of blinking for 172 gold pieces
 16279 | Orc:2    | Bought a fizzy ruby potion for 20 gold pieces
 16427 | Snake:1  | Entered Level 1 of the Snake Pit
 16427 | Snake:1  | Found a runed translucent gate.
 16427 | Snake:1  | Found a runed translucent gate.
 16427 | Snake:1  | Found a runed translucent gate.
 16695 | Snake:2  | Noticed Vashnia
 16762 | Snake:2  | Killed Vashnia
 16919 | Snake:3  | Noticed Louise
 16945 | Snake:3  | Killed Louise
 17011 | Snake:3  | Noticed Azrael
 17025 | Snake:3  | Killed Azrael
 17049 | Snake:3  | Found Zaer's Magic Scroll Emporium.
 17053 | Snake:3  | Found Sukyij's Jewellery Shoppe.
 17067 | Snake:3  | Reached skill level 19 in Axes
 17081 | Snake:3  | Reached skill level 15 in Fighting
 17085 | Snake:4  | Entered Level 4 of the Snake Pit
 17112 | Snake:4  | Reached XP level 17. HP: 141/170 MP: 0/10
 17809 | Snake:4  | Reached skill level 20 in Axes
 17833 | Snake:4  | Got a serpentine rune of Zot
 17863 | Snake:4  | Cast into level 3 of the Abyss (unwielding a weapon of
                  | distortion)
 17965 | Abyss:3  | Paralysed by accursed screaming for 1 turns
 18407 | Abyss:5  | Entered Level 5 of the Abyss
 18494 | Abyss:5  | Found a corrupted altar of Lugonu.
 18555 | Abyss:5  | Found a corrupted altar of Lugonu.
 18709 | Abyss:5  | Gained mutation: You passively map a large area around you.
                  | [Deep Dwarf growth]
 18709 | Abyss:5  | Reached XP level 18. HP: 181/181 MP: 0/12
 18764 | Abyss:5  | Paralysed by accursed screaming for 1 turns
 18769 | Abyss:5  | Reached skill level 15 in Invocations
 18865 | Abyss:5  | Noticed a Hell Sentinel
 18892 | Abyss:5  | Killed a Hell Sentinel
 18967 | Abyss:5  | Noticed a tentacled monstrosity
 18983 | Abyss:5  | Killed a tentacled monstrosity
 19232 | Abyss:5  | Paralysed by accursed screaming for 1 turns
 19327 | Snake:4  | Escaped the Abyss
 19354 | Snake:4  | Gained mutation: You occasionally shout uncontrollably at
                  | your foes. [mutagenic glow]
 19373 | Snake:4  | Gained mutation: Armour fits poorly on your strangely
                  | shaped body. [mutagenic glow]
 19395 | Snake:4  | Gained mutation: Your body sometimes deteriorates upon
                  | taking damage. [mutagenic glow]
 19409 | Snake:4  | Gained mutation: Your spells are a little easier to cast,
                  | but a little less powerful. [mutagenic glow]
 19423 | Snake:4  | Gained mutation: You tend to lose your temper in combat.
                  | [mutagenic glow]
 19440 | Snake:4  | Gained mutation: You are clumsy. (Dex -2) [mutagenic glow]
 19500 | Snake:4  | Cast into level 3 of the Abyss (unwielding a weapon of
                  | distortion)
 19547 | Abyss:3  | Lost mutation: Your body sometimes deteriorates upon taking
                  | damage. [potion of mutation]
 19547 | Abyss:3  | Lost mutation: You occasionally shout uncontrollably at
                  | your foes. [potion of mutation]
 19547 | Abyss:3  | Gained mutation: Your flesh is heat resistant. (rF+)
                  | [potion of mutation]
 19548 | Abyss:3  | Lost mutation: You tend to lose your temper in combat.
                  | [potion of mutation]
 19548 | Abyss:3  | Lost mutation: Armour fits poorly on your strangely shaped
                  | body. [potion of mutation]
 19548 | Abyss:3  | Gained mutation: You are very clumsy. (Dex -4) [potion of
                  | mutation]
 19548 | Abyss:3  | Lost mutation: Your spells are a little easier to cast, but
                  | a little less powerful. [potion of mutation]
 19624 | Abyss:3  | Reached skill level 15 in Armour
 19638 | Abyss:3  | Identified the +4 tower shield of Parts Unknown {rF+ MR+
                  | Regen+}
 19729 | Abyss:3  | Found a basalt altar of Yredelemnul.
 19803 | Abyss:3  | Found a basalt altar of Yredelemnul.
 19997 | Abyss:3  | Noticed a bone dragon
 20111 | Abyss:4  | Gained mutation: You have a beak for a mouth. [a neqoxec]
 20132 | Abyss:4  | Got an abyssal rune of Zot
 20147 | Abyss:4  | Reached XP level 19. HP: 160/192 MP: 1/13
 20158 | Snake:4  | Escaped the Abyss
 20565 | Depths:1 | Entered Level 1 of the Depths
 20612 | Depths:1 | Got a transparent plate armour
 20613 | Depths:1 | Identified the +10 plate armour "Amny" {*Corrode MR+++
                  | Int+4 Dex+4} (You found it on level 1 of the Depths)
 20650 | Depths:1 | Found Heninaq's Jewellery Emporium.
 20684 | Depths:1 | Found a gateway to Hell.
 20747 | Depths:1 | Noticed Nikola
 20767 | Depths:1 | Killed Nikola
 20826 | Depths:2 | Noticed a lich
 20846 | Depths:2 | Killed a lich
 20895 | Depths:2 | Reached skill level 15 in Dodging
 20972 | Depths:2 | Found a gateway to a ziggurat.
 21112 | Depths:2 | Got a brightly glowing marble ring
 21117 | Depths:2 | Identified the ring of Linearity {rN+ Slay-2 SInv Stlth+}
                  | (You found it on level 2 of the Depths)
 21430 | Depths:5 | Entered Level 5 of the Depths
 21439 | Depths:5 | Cast into level 4 of the Abyss (spriggan defender)
 21520 | Depths:5 | Escaped the Abyss
 21719 | Depths:5 | Reached XP level 20. HP: 203/204 MP: 0/14
 21827 | Depths:5 | Noticed Margery
 21852 | Depths:5 | Killed Margery
 21933 | Depths:5 | Found a gate to the Realm of Zot.
 21933 | Depths:5 | Noticed a bone dragon
 21933 | Depths:5 | Noticed a golden dragon
 21946 | Depths:5 | Killed a golden dragon
 21955 | Depths:5 | Killed a bone dragon
 21961 | Zot:1    | Entered Level 1 of the Realm of Zot
 22230 | Zot:3    | Noticed a golden dragon
 22240 | Zot:3    | Killed a golden dragon
 22408 | Zot:5    | Entered Level 5 of the Realm of Zot
 22506 | Zot:5    | Found a runed translucent door.
 22506 | Zot:5    | Noticed p0werm0de's ghost (adept MiFi)
 22773 | Zot:5    | Noticed an ancient lich
 22773 | Zot:5    | Noticed an ancient lich
 22794 | Zot:5    | Killed an ancient lich
 22794 | Zot:5    | Reached XP level 21. HP: 164/216 MP: 0/15
 22820 | Zot:5    | Killed an ancient lich
 22855 | Zot:5    | Noticed an orb of fire
 22857 | Zot:5    | Noticed an orb of fire
 22866 | Zot:5    | Noticed an orb of fire
 22870 | Zot:5    | Noticed a Killer Klown
 22870 | Zot:5    | Gained mutation: Armour fits poorly on your strangely
                  | shaped body. [an orb of fire]
 22872 | Zot:5    | Noticed an orb of fire
 22874 | Zot:5    | Noticed an orb of fire
 22876 | Zot:5    | Noticed a curse toe
 22876 | Zot:5    | Noticed an orb of fire
 22883 | Zot:5    | Noticed an ancient lich
 22928 | Zot:5    | Gained mutation: Your magical capacity is low. (-10% MP)
                  | [an orb of fire]
 22943 | Zot:5    | Gained mutation: Your body sometimes deteriorates upon
                  | taking damage. [an orb of fire]
 22946 | Zot:5    | Killed an orb of fire
 22955 | Zot:5    | Gained mutation: You are weak. (Str -2) [an orb of fire]
 22957 | Zot:5    | Gained mutation: You are very weak. (Str -4) [an orb of
                  | fire]
 22961 | Zot:5    | Gained mutation: Your magical capacity is very low. (-20%
                  | MP) [an orb of fire]
 22968 | Zot:5    | Gained mutation: You are dopey. (Int -2) [an orb of fire]
 22972 | Zot:5    | HP: 3/216 [orb of fire/bolt of fire (10)]
 22972 | Zot:5    | Killed an orb of fire
 22978 | Zot:5    | Gained mutation: Scrolls take you a little longer to read.
                  | [an orb of fire]
 22984 | Zot:5    | Gained mutation: You occasionally shout uncontrollably at
                  | your foes. [an orb of fire]
 22989 | Zot:5    | Gained mutation: You are very dopey. (Int -4) [an orb of
                  | fire]
 22991 | Zot:5    | Killed an orb of fire
 23003 | Zot:5    | Gained mutation: You are frail. (-10% HP) [an orb of fire]
 23006 | Zot:5    | Gained mutation: Your magical capacity is extremely low.
                  | (-30% MP) [an orb of fire]
 23010 | Zot:5    | Killed an orb of fire
 23026 | Zot:5    | Killed an ancient lich
 23051 | Zot:5    | Noticed a Killer Klown
 23059 | Zot:5    | Noticed an orb of fire
 23059 | Zot:5    | Noticed an orb of fire
 23069 | Zot:5    | Gained mutation: Potions are less effective at restoring
                  | your health. [an orb of fire]
 23093 | Zot:5    | Noticed an ancient lich
 23093 | Zot:5    | Noticed a Killer Klown
 23093 | Zot:5    | Noticed a Killer Klown
 23093 | Zot:5    | Noticed an orb of fire
 23095 | Zot:5    | Noticed a Killer Klown
 23096 | Zot:5    | Gained mutation: You are very frail. (-20% HP) [an orb of
                  | fire]
 23099 | Zot:5    | Noticed a Killer Klown
 23100 | Zot:5    | Noticed an orb of fire
 23101 | Zot:5    | Gained mutation: Your spells are a little easier to cast,
                  | but a little less powerful. [an orb of fire]
 23101 | Zot:5    | Gained mutation: You are occasionally teleported next to
                  | monsters. [an orb of fire]
 23112 | Zot:5    | Gained mutation: You are sometimes teleported next to
                  | monsters. [an orb of fire]
 23114 | Zot:5    | Got the Orb of Zot
 23139 | Zot:4    | Noticed Zudiatics the pandemonium lord
 23162 | Zot:4    | Noticed a golden dragon
 23163 | Zot:4    | HP: 5/173 [shadow dragon/bolt of negative energy[Zudiatics]
                  | (13)]
 23164 | Zot:4    | Slain by a blizzard demon

Illustrated notes

Levels and vault maps discovered:
D:1:      scummos_arrival_simple_crosswalls, layout_loops_ring
D:2:      layout_rooms, nicolae_ru_sacrificial_ziggurat
D:3:      layout_basic, minmay_misc_feat_roman
D:4:      layout_loops_ring, lemuel_coloured_pillars_altar,
          grunt_temple_overflow_open, chequers_mini_garden, uniq_menkaure
D:5:      layout_basic
D:6:      layout_basic, lemuel_crystal_altar, minmay_temple_entry_grid,
          kb_rosetta
D:7:      layout_loops_ring, overflow_temple_1_default, lemuel_centaur_altar
D:8:      layout_basic, basic_altar
D:9:      layout_loops_corners, marbit_many_paths
D:10:     layout_loops_cross, grunt_lair_entry_orc_guard_hut,
          minmay_orc_entry_guard_dogs, nicolae_island_escapes
D:11:     lemuel_bear_cage, layout_basic, fedhas_bush_and_centaur_altar
D:12:     layout_roguey [special_room_orc], gammafunk_ghost_arena,
          nicolae_trove_entry_crystal, hangedman_abyss_or_decor_passed,
          st_stairs_4
D:13:     layout_cave_pools, ebering_ghost_funeral_grove, serial_shops, shop
D:14:     layout_roguey [special_room_bee], david_vaults_4,
          minmay_misc_feat_iff, serial_shops, nicolae_shop_behind_doors
D:15:     grunt_enter_depths_hoard, layout_rooms, small_statue_intersection,
          ebering_dispersal_statue_hall, minmay_stone_trees_large,
          evilmike_butchery, uniq_nessos
Temple:   compressed_dpeg_circular_temple
Lair:1:   layout_hall_layers, minivault_25, st_stairs_11, beast_lair_carwin_4,
          grunt_megastairs_2
Lair:2:   gammafunk_cloud_chamber, layout_regular_city,
          minmay_snake_entry_guardpost_small, zaba_antful_of_joy, uniq_sonja
Lair:3:   lemuel_reptile_caves, layout_gridlike, lemuel_fruit_tree,
          serial_bayou_shore_b, lemuel_fruit_fields, uniq_gastronok
Lair:4:   layout_cave_pods, elwin_shoals_entry_stream, st_stairs_3,
          grunt_megastairs_1
Shoals:1: layout_shoals, uniq_aizul
Shoals:2: layout_shoals, uniq_polyphemus
Shoals:3: layout_shoals, nicolae_shoals_arrival_archipelago
Shoals:4: shoals_end_simple, layout_shoals, uniq_donald
Snake:1:  layout_onion, gammafunk_ghost_necromancy, serial_bayou_shore_b,
          minmay_shop_star
Snake:2:  layout_rooms, nicolae_coiled_stairwell_up, uniq_vashnia
Snake:3:  layout_concentric_octagons, special_room, minmay_shoptagon,
          uniq_louise, uniq_azrael
Snake:4:  snake_pit_salamanders_mu, layout_gridlike, grunt_ministairs_13
Orc:1:    layout_caves, basic_altar, serial_shops, shop
Orc:2:    pubby_orc_utopia, serial_shops, uniq_saint_roka
Depths:1: layout_basic, hell_entry, minmay_room_of_horrors, serial_shops, shop,
          minmay_protected_statue, minmay_shop_grove, uniq_nikola
Depths:2: hangedman_screamer, layout_gridlike, enter_ziggurat_a, pan_entry,
          abyss_entry_small_statue_room, nicolae_two_hexagons, hellmouth_1,
          infiniplex_staircase_spiral_double, uniq_enchantress
Depths:3: minmay_the_grid_3x3 [minmay_the_grid_slots,
          minmay_the_grid_holed_spiral, minmay_the_grid_embedded,
          minmay_the_grid_tree, minmay_the_grid_paths, minmay_the_grid_dragon_a,
          minmay_the_grid_odd_star, minmay_the_grid_airy,
          minmay_the_grid_prize_trominoes], layout_gridville, hell_entry,
          minmay_misc_feat_encased, pan_entry, abyss_entry
Depths:4: minmay_haunted_quarter, layout_gridlike, marbit_kobold_abyss_entry,
          pf_hell_entry_great_geh, minmay_misc_feat_tower,
          minmay_staircase_windowed_small, kennysheep_random_hallway
Depths:5: grunt_zot_entry_funnels, layout_cave_pools,
          hangedman_abyss_entry_splay, hell_entry, fountainhead,
          minmay_hollow_rounded_squares, serial_bayou_shore_b, uniq_margery
Zot:1:    layout_gridlike
Zot:2:    layout_gridlike
Zot:3:    layout_cathedral_of_symmetry, ebering_ghost_inner_flame,
          grunt_ministairs_14
Zot:4:    layout_basic, gammafunk_ghost_cemetery, hangedman_zot_decor_tridents,
          hangedman_swamp_dais
Zot:5:    layout_misc_corridors, ebering_ghost_reflecting_pool

Skill      XL: |  1  2  3  4  5  6  7  8  9 10 11 12 13 14 15 16 17 18 19 20 21 |
---------------+----------------------------------------------------------------+-----
Fighting       | 3 4 5 6 8 9 10 11 12 13 14 15 16 17 18 19 | 19.5
Axes           | 3 4 5 6 7 9 10 11 12 13 15 17 19 20 | 20.0
Armour         | 4 5 6 7 8 9 10 11 12 13 14 15 16 18 19 | 19.1
Shields        | 4 5 6 |  6.2
Invocations    | 4 5 7 9 10 11 12 13 14 15 | 15.0
Dodging        | 3 4 6 7 8 9 10 11 12 14 15 17 18 | 18.3
Evocations     | 1 4 6 8 9 10 | 10.0

Action                   |  1- 3 |  4- 6 |  7- 9 | 10-12 | 13-15 | 16-18 | 19-21 || total
-------------------------+-------+-------+-------+-------+-------+-------+-------++-------
Melee: War axe           |    45 |    88 |   409 |   933 |       |       |       ||  1475
       Battleaxe         |       |       |       |    91 |  1119 |  1468 |   909 ||  3587
       Peck              |       |       |       |       |       |     8 |   341 ||   349
Invok: Lesser Servant of |       |       |       |     7 |     9 |     1 |     1 ||    18
       Greater Servant o |       |       |       |       |     1 |     5 |     5 ||    11
 Abil: Heal Wounds       |     2 |     3 |    17 |    35 |    27 |    11 |    24 ||   119
Evoke: Wand              |       |       |       |       |     7 |     5 |       ||    12
       Condenser vane    |       |       |       |       |     3 |     1 |     1 ||     5
  Use: Potion            |       |       |     2 |     4 |     6 |     5 |     9 ||    26
       Scroll            |       |       |     4 |    20 |    15 |     6 |    11 ||    56
 Stab: Distracted        |       |       |       |     2 |     3 |     6 |     2 ||    13
       Paralysed         |       |       |       |       |     6 |     1 |       ||     7
       Invisible         |       |       |       |       |       |     2 |       ||     2
       Petrifying        |       |       |       |       |       |     1 |       ||     1
Armor: Scale mail        |    36 |     6 |       |       |       |       |       ||    42
       Chain mail        |       |    23 |       |       |       |       |       ||    23
       Plate armour      |       |     1 |   287 |   552 |  1141 |   594 |   493 ||  3068
Dodge: Dodged            |    23 |    21 |    83 |   414 |  1167 |   704 |   648 ||  3060
       Repelled          |       |       |     1 |     1 |       |       |       ||     2
Block: Kite shield       |    44 |    47 |   267 |   540 |       |       |       ||   898
       Other             |       |       |       |       |   109 |   429 |   302 ||   840

Table legend: (Time is in decaauts)
 A = Elapsed time spent in this place.
 B = Non-inter-level travel time spent in this place.
 C = Inter-level travel time spent in this place.
 D = Time resting spent in this place.
 E = Time spent auto-exploring this place.
 F = Levels seen in this place.
 G = Mean time per level.
                   A        B        C        D        E       F      G
               +--------+--------+--------+--------+--------+-----+--------+
         Total |  23600 |  21837 |   1763 |    716 |  12939 |  46 |  513.0 |
       Dungeon |   9743 |   9082 |    661 |    199 |   5873 |  15 |  649.5 |
        Temple |    171 |    138 |     33 |    100 |     36 |   1 |  171.0 |
          Lair |   3482 |   3151 |    331 |      0 |   2441 |   4 |  870.5 |
        Shoals |   1683 |   1547 |    136 |     50 |    573 |   4 |  420.8 |
     Snake Pit |   1843 |   1696 |    147 |    137 |    911 |   4 |  460.8 |
  Orcish Mines |   2182 |   2004 |    178 |      0 |   1411 |   2 | 1091.0 |
        Depths |   1393 |   1157 |    236 |      7 |    495 |   5 |  278.6 |
           Zot |    997 |    959 |     38 |    208 |    225 |   5 |  199.4 |
         Abyss |   2102 |   2102 |      0 |     15 |    970 |   6 |  350.3 |
               +--------+--------+--------+--------+--------+-----+--------+

Top non-repeatable levels by time:
   Orc:2: 1568 daAuts
  Lair:4: 1119 daAuts
 Snake:4: 1094 daAuts
     D:7: 1049 daAuts
    D:10: 1033 daAuts
  Lair:2: 985 daAuts
  Lair:3: 981 daAuts
     D:9: 965 daAuts
    D:14: 908 daAuts
 Abyss:5: 854 daAuts
    D:12: 817 daAuts
     D:4: 795 daAuts
     D:5: 768 daAuts
     D:6: 731 daAuts
    D:11: 725 daAuts
